 Dungeon Crawl Stone Soup version 0.31-a0-204-g7da18cac08 (webtiles) character file.

Game seed: 3989624377464145521

2663 qw the Skirmisher (level 9, -5/51 HPs)
             Began as a Deep Elf Hunter on June 27, 2023.
             Was a Follower of Okawaru.
             Shot with a sling bullet by Joseph (21 damage)
             ... on level 7 of the Dungeon.
             The game lasted 00:03:43 (6454 turns).

qw the Skirmisher (Deep Elf Hunter)                 Turns: 6454, Time: 00:03:43

Health: -5/51      AC:  7    Str: 18    XL:     9   Next: 36%
Magic:  13/14      EV: 23    Int: 15    God:    Okawaru [*.....]
Gold:   403        SH:  0    Dex: 26    Spells: 8/8 levels left

rFire   . . .        Y - +2 shortbow
rCold   + . .        (shield currently unavailable)
rNeg    . . .        c - +4 leather armour of Liberty {rC+ Regen+ Dex+2}
rPois   .            (no helmet)
rElec   .            (no cloak)
rCorr   .            (no gloves)
SInv    .            (no boots)
Will    .....        g - amulet of the acrobat
Stlth   ++++         l - +6 ring of strength
HPRegen 1.08/turn    e - +6 ring of dexterity
MPRegen 0.14/turn

%: acrobat
@: heroic
A: no striking features
a: Renounce Religion, Heroism


You were on level 7 of the Dungeon.
You worshipped Okawaru.
Okawaru was aware of your devotion.
You visited 2 branches of the dungeon, and saw 8 of its levels.
You also visited: Ossuary.

You collected 403 gold pieces.


   Skills:
 - Level 3.4(8.4) Fighting
 - Level 14.0(19.0) Ranged Weapons
 + Level 6.9(11.9) Dodging
 - Level 1.2(6.2) Stealth
 - Level 4.3 Invocations


You had 8 spell levels left.
You didn't know any spells.
Your spell library was empty.

Inventory:

Hand Weapons
 Y - a +2 shortbow (weapon)
Armour
 c - the +4 leather armour of Liberty (worn) {rC+ Regen+ Dex+2}
   (You found it on level 4 of the Dungeon)

   Dex:       It affects your dexterity (+2).
   rC:        It protects you from cold.
   Regen:     It increases your rate of health regeneration.
Jewellery
 e - a +6 ring of dexterity (right hand)
 g - an amulet of the acrobat (around neck)
 l - a +6 ring of strength (left hand)
 n - a ring of ice
Scrolls
 a - a scroll of identify
 m - a scroll of teleportation
Potions
 b - a potion of haste
 d - a potion of enlightenment
 f - a potion of might
 h - a potion of attraction {unknown}
 i - a potion of mutation {unknown}
 j - a potion of curing {unknown}
 k - a potion of magic {unknown}

Dungeon Overview and Level Annotations

Branches:
Dungeon (7/15)             Temple (1/1) D:4         Ossuary (visited)

Altars:
Ashenzari
Cheibriados
Dithmenos
Elyvilon
Fedhas
Gozag
Hepliaklqana
Kikubaaqudgha
Makhleb
Nemelex Xobeh
Okawaru
Qazlal
Ru
Sif Muna
Trog
Uskayaw
Vehumet
Wu Jian
Xom
Yredelemnul
Zin
The Shining One

Shops:
D:7 [

Annotations:
D:7 Duvessa, Joseph


Message History

Dowan is severely wounded.
Joseph shoots a sling bullet.
The sling bullet hits you!
You shoot an arrow. The arrow hits Dowan!
You kill Dowan!
Okawaru accepts your kill.
You can now gain great but temporary skills.
You hear a distant scream of rage.
Joseph shoots a sling bullet.
The sling bullet completely misses you.
You shoot an arrow. The arrow hits Joseph!
Joseph is moderately wounded.
Joseph shoots a sling bullet.
The sling bullet closely misses you.
You shoot an arrow. The arrow hits Joseph.
Joseph is moderately wounded.
You shoot an arrow. The arrow closely misses Joseph.
Joseph shouts, "At last, some action!"
Joseph shoots a sling bullet.
The sling bullet misses you.
You shoot an arrow. The arrow barely misses Joseph.
Joseph shoots a sling bullet.
The sling bullet completely misses you.
You shoot an arrow. The arrow hits Joseph.
Joseph is moderately wounded.
Joseph shoots a sling bullet.
The sling bullet closely misses you.
You shoot an arrow. The arrow hits Joseph.
Joseph is heavily wounded.
You shoot an arrow. The arrow hits Joseph.
Joseph is heavily wounded.
Joseph shoots a sling bullet.
The sling bullet barely misses you.
You shoot an arrow. The arrow hits Joseph.
Joseph is severely wounded.
Joseph shoots a sling bullet.
The sling bullet hits you!
You shoot an arrow. The arrow barely misses Joseph.
Joseph shoots a sling bullet.
The sling bullet completely misses you.
You shoot an arrow. The arrow hits Joseph!
Joseph is almost dead.
Duvessa, Sister of Dowan comes into view.
She is wielding a +0 rapier.
You shoot an arrow.
Duvessa shouts!
The arrow hits Joseph!
Joseph is almost dead.
Duvessa goes berserk!
Joseph shoots a sling bullet.
The sling bullet hits you!!
You die...

.......###.......# #...........##
........##.......# #............
.#......#....@...# #............
.................# #...........)
..###.##..#......####..........#.
..###.....#......##............#.
...##..#.........##.............#
...###.....##....##.......##.....
................@.........###...#
#...........###...........####.##
##..............)...........##.##
##..............#.#).........###
...\.<.........................#
...###............#...........##
..## ###..........#..........##
### #...##...##....e.......#
#.....................###


You could see Joseph and Duvessa (berserk).

Vanquished Creatures
  Maggie (D:6)
  Sigmund (D:6)
  Eustachio (D:6)
  Edmund (D:6)
  A sky beast (D:6)
  An ice beast (D:6)
  3 ogres
  A phantom (D:4)
  Blork the orc (D:4)
  3 bullfrogs
  5 scorpions
  Dowan (D:7)
  A gnoll bouda (D:5)
  3 hounds
  2 jellies
  4 orc priests
  Jessica (D:2)
  An iguana (D:4)
  2 sleepcaps (D:4)
  5 orc wizards
  3 mummies (Ossuary)
  8 adders
  5 gnolls (D:5)
  A shadow imp (D:5)
  A white imp (D:5)
  An ufetubus (D:7)
  6 adder zombies (Ossuary)
  A worm (D:3)
  19 orcs
  4 ball pythons
  A bat (D:1)
  9 endoplasms
  A giant cockroach (D:2)
  9 goblins
  10 hobgoblins
  9 jackals
  5 kobolds
  2 quokkas
  3 frilled lizards
  3 goblin zombies (Ossuary)
  3 hobgoblin zombies (Ossuary)
  2 kobold zombies (Ossuary)
  13 rats
  4 rat zombies (Ossuary)
162 creatures vanquished.

Notes
Turn   | Place    | Note
-------+----------+-------------------------------------------
     0 | D:1      | qw the Deep Elf Hunter began the quest for the Orb.
     0 | D:1      | Reached XP level 1. HP: 12/12 MP: 3/3
     0 | D:1      | 0 ||| qw: Version: 0.3-a-22-g0ed2b0b
     0 | D:1      | 0 ||| qw: Game counter: 6414
     0 | D:1      | 0 ||| qw: Melee chars always use a shield: true
     0 | D:1      | 0 ||| qw: God list: Okawaru
     0 | D:1      | 0 ||| qw: Allow faded altars: false
     0 | D:1      | 0 ||| qw: Do Orc after clearing Dungeon:15 true
     0 | D:1      | 0 ||| qw: Do second Lair branch before Depths: true
     0 | D:1      | 0 ||| qw: Lair rune preference: random
     0 | D:1      | 0 ||| qw: Goals: Normal
     0 | D:1      | 0 ||| PLANNING D:1-11
    85 | D:1      | Found a faded altar of an unknown god.
   129 | D:1      | Reached skill level 6 in Ranged Weapons
   129 | D:1      | Reached XP level 2. HP: 16/16 MP: 4/4
   450 | D:1      | Reached XP level 3. HP: 20/20 MP: 5/5
   668 | D:1      | 668 ||| UPGRADING to +0 ring mail.
   678 | D:1      | 678 ||| DROPPING +0 leather armour.
   679 | D:1      | 679 ||| READING scroll labelled HOTEISOUMP.
   680 | D:1      | 680 ||| READING scroll labelled KICVIVE ZASM.
   685 | D:1      | 685 ||| READING scroll labelled WUIDOM HOTYLA.
   686 | D:1      | 686 ||| DROPPING scroll of butterflies.
   810 | D:2      | Noticed Jessica
   816 | D:2      | Reached skill level 7 in Ranged Weapons
   825 | D:2      | Killed Jessica
   826 | D:2      | Reached XP level 4. HP: 24/25 MP: 6/6
  1300 | D:2      | 1300 ||| READING 2 scrolls labelled REJEZX NODDA.
  1301 | D:2      | 1301 ||| READING scroll labelled FIACKE PEMECH.
  1302 | D:2      | 1302 ||| DROPPING scroll of immolation.
  1304 | D:2      | 1304 ||| Stepping ~*~*~tactically~*~*~ (cloud).
  1308 | D:2      | HP: 6/25 [poisoned by you (poison gas)]
  1481 | D:3      | Reached skill level 8 in Ranged Weapons
  1581 | D:3      | 1581 ||| FLEEEEING.
  1985 | D:3      | Reached XP level 5. HP: 29/29 MP: 7/7
  2193 | D:3      | Noticed an ogre
  2200 | D:3      | Killed an ogre
  2201 | D:3      | Reached skill level 9 in Ranged Weapons
  2384 | D:3      | 2384 ||| READING 2 scrolls labelled WAROSIUGENT.
  2385 | D:3      | 2385 ||| READING 3 scrolls labelled WEQUOG ASTRAE.
  2386 | D:3      | 2386 ||| READING scroll labelled XICYFE FIDGH.
  2387 | D:3      | 2387 ||| DRINKING 3 glowing grey potions.
  2388 | D:3      | 2388 ||| DROPPING 2 scrolls of blinking.
  2427 | D:4      | 2427 ||| PLANNING OSSUARY
  2463 | D:4      | Reached XP level 6. HP: 15/35 MP: 8/8
  2552 | D:4      | Found a staircase to the Ecumenical Temple.
  2691 | D:4      | Found a sand-covered staircase.
  2704 | Ossuary  | Entered an ossuary
  2720 | Ossuary  | HP: 1/35 [mummy (13)]
  2721 | Ossuary  | 2721 ||| DRINKING 2 potions of heal wounds.
  2845 | Ossuary  | Reached skill level 10 in Ranged Weapons
  2923 | Ossuary  | 2923 ||| READING 2 scrolls labelled KIANKYONUI.
  2924 | Ossuary  | 2924 ||| READING scroll of enchant armour.
  2924 | Ossuary  | 2924 ||| ENCHANTING +0 ring mail.
  2925 | Ossuary  | 2925 ||| READING scroll labelled ZALLOD MUARRUS.
  3026 | Ossuary  | 3026 ||| READING 4 scrolls of identify.
  3026 | Ossuary  | 3026 ||| IDENTIFYING viscous coppery potion
  3027 | Ossuary  | 3027 ||| READING 3 scrolls of identify.
  3027 | Ossuary  | 3027 ||| IDENTIFYING black potion
  3028 | Ossuary  | 3028 ||| READING 2 scrolls of identify.
  3028 | Ossuary  | 3028 ||| IDENTIFYING golden potion
  3029 | Ossuary  | 3029 ||| DROPPING potion of brilliance.
  3030 | Ossuary  | 3030 ||| DROPPING potion of invisibility.
  3034 | D:4      | 3034 ||| PLANNING TEMPLE
  3067 | Temple   | Entered the Ecumenical Temple
  3068 | Temple   | 3068 ||| PLANNING OKAWARU WORSHIP
  3236 | Temple   | Became a worshipper of Warmaster Okawaru
  3237 | Temple   | 3237 ||| PLANNING D:1-11
  3291 | D:4      | Identified the +4 leather armour of Liberty {rC+ Regen+
                  | Dex+2}
  3301 | D:4      | Reached skill level 3 in Dodging
  3364 | D:4      | Noticed Blork the orc
  3375 | D:4      | HP: 4/35 [Blork the orc/+0 short sword (6)]
  3376 | D:4      | 3376 ||| READING scroll of teleportation.
  3376 | D:4      | HP: 1/35 [Blork the orc/+0 short sword (3)]
  3377 | D:4      | 3377 ||| DRINKING potion of heal wounds.
  3380 | D:4      | Killed Blork the orc
  3381 | D:4      | Reached XP level 7. HP: 10/40 MP: 9/9
  3632 | D:4      | Reached skill level 11 in Ranged Weapons
  3956 | D:4      | 3956 ||| UPGRADING to +4 leather armour of Liberty {rC+
                  | Regen+ Dex+2}.
  3966 | D:4      | 3966 ||| DROPPING +1 ring mail.
  3967 | D:4      | 3967 ||| DRINKING 2 glowing cyan potions.
  3968 | D:4      | 3968 ||| READING 2 scrolls of identify.
  3968 | D:4      | 3968 ||| IDENTIFYING smoky white potion
  3969 | D:4      | 3969 ||| DROPPING potion of lignification.
  4000 | D:5      | Entered Level 5 of the Dungeon
  4014 | D:5      | HP: 10/40 [orc/+0 falchion (2)]
  4072 | D:5      | Reached * piety under Okawaru
  4137 | D:5      | 4137 ||| INVOKING Heroism.
  4138 | D:5      | 4138 ||| Stepping ~*~*~tactically~*~*~ (outnumbered).
  4156 | D:5      | 4156 ||| INVOKING Heroism.
  4163 | D:5      | Reached skill level 12 in Ranged Weapons
  4168 | D:5      | Reached skill level 1 in Invocations
  4168 | D:5      | Reached XP level 8. HP: 17/44 MP: 7/11
  4375 | D:5      | 4375 ||| READING scroll of enchant weapon.
  4375 | D:5      | 4375 ||| ENCHANTING +1 shortbow.
  4578 | D:5      | 4578 ||| INVOKING Heroism.
  4585 | D:5      | Reached skill level 3 in Invocations
  4675 | D:5      | 4675 ||| UPGRADING to amulet of the acrobat.
  4719 | D:6      | Found a snail-covered altar of Cheibriados.
  4721 | D:6      | Found a broken altar of Ashenzari.
  4743 | D:6      | Noticed Maggie
  4749 | D:6      | 4749 ||| FLEEEEING.
  4753 | D:6      | 4753 ||| FLEEEEING.
  4754 | D:6      | 4754 ||| FLEEEEING.
  4755 | D:6      | 4755 ||| INVOKING Heroism.
  4760 | D:6      | HP: 2/45 [Maggie/bolt of fire (22)]
  4763 | D:6      | Killed Maggie
  4764 | D:6      | Reached skill level 3 in Fighting
  4764 | D:6      | 4764 ||| FLEEEEING.
  4765 | D:6      | 4765 ||| FLEEEEING.
  4766 | D:6      | 4766 ||| FLEEEEING.
  4770 | D:6      | 4770 ||| FLEEEEING.
  4771 | D:6      | 4771 ||| FLEEEEING.
  4772 | D:6      | 4772 ||| FLEEEEING.
  4776 | D:6      | 4776 ||| FLEEEEING.
  4777 | D:6      | 4777 ||| FLEEEEING.
  4778 | D:6      | 4778 ||| FLEEEEING.
  4779 | D:6      | 4779 ||| FLEEEEING.
  4780 | D:6      | 4780 ||| FLEEEEING.
  4781 | D:6      | 4781 ||| FLEEEEING.
  4782 | D:6      | 4782 ||| FLEEEEING.
  4783 | D:6      | 4783 ||| FLEEEEING.
  4784 | D:6      | 4784 ||| FLEEEEING.
  4788 | D:6      | 4788 ||| FLEEEEING.
  4789 | D:6      | 4789 ||| FLEEEEING.
  4790 | D:6      | 4790 ||| FLEEEEING.
  4791 | D:6      | 4791 ||| FLEEEEING.
  4792 | D:6      | 4792 ||| FLEEEEING.
  4795 | D:6      | 4795 ||| STAIRDANCE
  4804 | D:6      | 4804 ||| INVOKING Heroism.
  4882 | D:6      | 4882 ||| Stepping ~*~*~tactically~*~*~ (outnumbered).
  4888 | D:6      | Noticed Eustachio
  4889 | D:6      | 4889 ||| INVOKING Heroism.
  4912 | D:6      | Killed Eustachio
  5000 | D:6      | Noticed Sigmund
  5001 | D:6      | 5001 ||| INVOKING Heroism.
  5009 | D:6      | Killed Sigmund
  5010 | D:6      | Reached skill level 13 in Ranged Weapons
  5077 | D:6      | Reached XP level 9. HP: 51/51 MP: 14/14
  5103 | D:6      | 5103 ||| INVOKING Heroism.
  5114 | D:6      | 5114 ||| DRINKING 2 purple potions.
  5123 | D:6      | 5123 ||| INVOKING Heroism.
  5357 | D:6      | Reached skill level 6 in Dodging
  5429 | D:6      | Noticed Edmund
  5430 | D:6      | 5430 ||| INVOKING Heroism.
  5448 | D:6      | Killed Edmund
  5597 | D:6      | 5597 ||| UPGRADING to +6 ring of strength.
  5598 | D:6      | 5598 ||| READING 2 scrolls of identify.
  5598 | D:6      | 5598 ||| IDENTIFYING red potion
  5599 | D:6      | 5599 ||| DROPPING potion of ambrosia.
  5630 | D:7      | Found Utrofroqi's Antique Armour Shop.
  6099 | D:7      | Reached skill level 14 in Ranged Weapons
  6109 | D:7      | 6109 ||| UPGRADING to +6 ring of dexterity.
  6116 | D:7      | 6116 ||| INVOKING Heroism.
  6134 | D:7      | 6134 ||| STAIRDANCE
  6257 | D:7      | 6257 ||| STAIRDANCE
  6259 | D:6      | 6259 ||| INVOKING Heroism.
  6435 | D:7      | Noticed Dowan
  6436 | D:7      | Noticed Joseph
  6437 | D:7      | 6437 ||| INVOKING Heroism.
  6443 | D:7      | Killed Dowan
  6453 | D:7      | Noticed Duvessa
  6454 | D:7      | Shot with a sling bullet by Joseph

Levels and vault maps discovered:
D:1:      dpeg_arrival_houses_and_road, layout_loops_ring,
          chequers_ecumenical_altar_simple
D:2:      layout_loops_ring, uniq_jessica
D:3:      layout_loops_ring, mrwooster_statue_mirror, corexii_leaking_fountain
D:4:      layout_gridville, minmay_temple_entry_proselytizer, enter_ossuary_2,
          minivault_11, uniq_blork_the_orc
D:5:      layout_loops_ring
D:6:      layout_basic, nicolae_overflow_hidden_temple, serial_bayou_lagoon_a,
          uniq_edmund, uniq_sigmund, uniq_maggie, uniq_eustachio
D:7:      layout_cave_pools, serial_shops, shop, uniq_duvessa, uniq_joseph
Temple:   nicolae_temple_bog_church

Skill      XL: |  1  2  3  4  5  6  7  8  9 |
---------------+----------------------------+-----
Ranged Weapons | 6 7 8 9 10 12 13 14 | 14.0
Fighting       | 2 3 |  3.4
Dodging        | 3 4 5 6 |  6.9
Invocations    | 1 4 |  4.3
Stealth        | |  1.2

Action                     |  1- 3 |  4- 6 |  7- 9 || total
---------------------------+-------+-------+-------++-------
   Fire: Shortbow          |    89 |   251 |   354 ||   694
 Invoke: Heroism           |       |       |    13 ||    13
    Use: Scroll            |     3 |    12 |     3 ||    18
         Potion            |       |     3 |     2 ||     5
 Armour: Ring mail         |     7 |    29 |     8 ||    44
         Leather armour    |       |       |    29 ||    29
  Dodge: Dodged            |    13 |    54 |   104 ||   171

Table legend:
 A = Non-vault XP
 B = Vault XP
 C = Vault XP percentage of total XP
 D = Non-vault monster count
 E = Vault monster count
 F = Vault count percentage of total count
                 A         B        C        D         E       F
            +---------+---------+-------+---------+---------+-------
      Total |    2475 |    1330 |  35.0 |     133 |      29 |  17.9
            +---------+---------+-------+---------+---------+-------
        D:1 |      43 |       0 |   0.0 |      26 |       0 |   0.0
        D:2 |      68 |      37 |  35.2 |      20 |       1 |   4.8
        D:3 |     192 |       0 |   0.0 |      24 |       0 |   0.0
        D:4 |     326 |     140 |  30.0 |      12 |       2 |  14.3
        D:5 |     904 |       0 |   0.0 |      27 |       0 |   0.0
        D:6 |     712 |     984 |  58.0 |      16 |       4 |  20.0
        D:7 |     230 |      69 |  23.1 |       8 |       1 |  11.1
    Ossuary |       0 |     100 | 100.0 |       0 |      21 | 100.0
            +---------+---------+-------+---------+---------+-------
